 Dungeon Crawl Stone Soup version 0.31-a0-819-gf6de2f5ab6 (webtiles) character file.

Game seed: 14187826520796571925

215 qw the Shooter (level 5, -1/32 HPs)
             Began as a Gargoyle Hunter on Sept 23, 2023.
             Slain by Duvessa
             ... wielding a +0 short sword
              (9 damage)
             ... on level 4 of the Dungeon.
             The game lasted 00:00:48 (2435 turns).

qw the Shooter (Gargoyle Hunter)                    Turns: 2435, Time: 00:00:48

Health: -1/32      AC: 15    Str: 19    XL:     5   Next: 92%
Magic:  5/5        EV: 11    Int:  9    God:
Gold:   120        SH:  0    Dex: 15    Spells: 4/4 levels left

rFire   . . .        d - +0 orcbow
rCold   . . .        (shield currently unavailable)
rNeg    + . .        j - +3 leather armour
rPois   inf          b - +0 helmet "Wot Neum" {Str+4}
rElec   +            (no cloak)
rCorr   .            (no gloves)
SInv    .            (no boots)
Will    .....        (no amulet)
Stlth   ++           f - +4 ring of protection
HPRegen 0.25/turn    (no ring)
MPRegen 0.09/turn

%: no passive effects
@: no status effects
A: sickness immunity, AC +4, negative energy resistance 1, electricity
resistance, torment resistance 1, petrification resistance
a: no special abilities


You were on level 4 of the Dungeon.
You visited 1 branch of the dungeon, and saw 4 of its levels.

You collected 142 gold pieces.
You spent 22 gold pieces at shops.


Innate Abilities, Weirdness & Mutations

You are immune to sickness and miasma.
Your stone body is resilient. (AC +4)
You are immune to poison.
You resist negative energy. (rN+)
You are resistant to electric shocks. (rElec)
You are resistant to unholy torment.
You are immune to petrification.


   Skills:
 + Level 3.0 Fighting
 - Level 6.1 Ranged Weapons
 - Level 2.3 Armour
 - Level 1.5 Dodging
 - Level 1.1 Stealth


You had 4 spell levels left.
You didn't know any spells.
Your spell library was empty.

Inventory:

Hand Weapons
 d - a +0 orcbow (weapon)
Armour
 b - the +0 helmet "Wot Neum" (worn) {Str+4}
   (You acquired it on level 2 of the Dungeon)

   Str+4:     It affects your strength (+4).
 j - a +3 leather armour (worn)
Jewellery
 f - a +4 ring of protection (left hand)
Scrolls
 c - a scroll of identify {unknown}
Potions
 a - a potion of curing
 e - a potion of enlightenment {unknown}
 g - a potion of degeneration {unknown}
 h - a potion of ambrosia {unknown}
 i - a potion of mutation {unknown}

Dungeon Overview and Level Annotations

Branches:
Dungeon (4/15)
 Temple: D:4-7

Altars:
Dithmenos
The Shining One

Shops:
D:1 *

Annotations:
D:4 Duvessa


Message History

The scorpion stings you.
You shoot an arrow. The arrow closely misses the scorpion.
The scorpion stings you but does no damage.
You shoot an arrow. The arrow hits the scorpion.
You kill the scorpion!
Your Armour skill gained 2 levels and is now at level 2!
You start resting.
HP restored.
g - a ruby potion Duvessa, Sister of Dowan comes into view.
She is wielding a +0 short sword.
You shoot an arrow. The arrow hits Duvessa!
Duvessa is moderately wounded.
Duvessa goes berserk!
Duvessa rages.
Duvessa is nearby!
You shoot an arrow. The arrow hits Duvessa.
Duvessa is moderately wounded.
You shoot an arrow. The arrow hits Duvessa.
Duvessa is heavily wounded.
Duvessa closely misses you.
You shoot an arrow.
The arrow hits Duvessa but does no damage.
Duvessa is heavily wounded.
Duvessa hits you with a +0 short sword. Duvessa hits you but does no damage.
You shoot an arrow. The arrow hits Duvessa!
Duvessa is severely wounded.
Duvessa hits you with a +0 short sword! Duvessa hits you with a +0 short sword.
You shoot an arrow. The arrow hits Duvessa.
Duvessa is severely wounded.
Duvessa hits you with a +0 short sword! Duvessa barely misses you.
You shoot an arrow. The arrow barely misses Duvessa.
Duvessa hits you with a +0 short sword.
You shoot an arrow.
The arrow hits Duvessa but does no damage.
Duvessa is severely wounded.
Duvessa closely misses you. Duvessa hits you but does no damage.
You shoot an arrow. The arrow hits Duvessa.
Duvessa is almost dead.
Duvessa hits you with a +0 short sword!
You die...

...##.### .. ....
.......>.###. #... ..
...........' ..... .
...........###.... . .
...............#.# .# ..
.............###.##.#...
........................
............##......#.
.......)....##.e@...#
..>........###..?...#
)...#.....## ##........#
####..##### #........#
#....## #........#
..#### #........# ##
#........# #........#


You could see Duvessa (berserk).

Vanquished Creatures
  A scorpion (D:4)
  Dowan (D:4)
  A hound (D:4)
  3 adders
  A worm (D:3)
  A dart slug (D:2)
  3 orcs (D:3)
  3 bats
  5 endoplasms
  A giant cockroach (D:2)
  4 goblins
  4 hobgoblins
  5 jackals
  3 kobolds
  2 quokkas (D:2)
  2 ball pythons
  2 frilled lizards
  4 rats (D:1)
46 creatures vanquished.

Notes
Turn   | Place    | Note
-------+----------+-------------------------------------------
     0 | D:1      | qw the Gargoyle Hunter began the quest for the Orb.
     0 | D:1      | Reached XP level 1. HP: 12/12 MP: 1/1
     0 | D:1      | 0 ||| qw: Version: 0.3-a-83-gcd0e7d8
     0 | D:1      | 0 ||| qw: Game counter: 1635
     0 | D:1      | 0 ||| qw: Melee chars always use a shield: true
     0 | D:1      | 0 ||| qw: God list: Okawaru
     0 | D:1      | 0 ||| qw: Allow faded altars: false
     0 | D:1      | 0 ||| qw: Do Orc after clearing Dungeon:15 true
     0 | D:1      | 0 ||| qw: Do second Lair branch before Depths: true
     0 | D:1      | 0 ||| qw: Lair rune preference: random
     0 | D:1      | 0 ||| qw: Goals: Normal
     0 | D:1      | 0 ||| PLANNING D:1-11
   140 | D:1      | Reached XP level 2. HP: 17/17 MP: 2/2
   213 | D:1      | Found Cuotawig's Assorted Antiques.
   224 | D:1      | 224 ||| SHOPLISTING 2 scrolls labelled UQIF DOASMOGH (44
                  | gold, have 22).
   224 | D:1      | 224 ||| SHOPLISTING 3 scrolls labelled FEOFOA BU MOS (66
                  | gold, have 22).
   224 | D:1      | 224 ||| SHOPLISTING glowing leather armour (110 gold, have
                  | 22).
   224 | D:1      | 224 ||| SHOPLISTING glowing orcbow (143 gold, have 22).
   224 | D:1      | 224 ||| SHOPLISTING runed leather armour (110 gold, have
                  | 22).
   224 | D:1      | 224 ||| BUYING scroll labelled RIOTIGURED (22 gold).
   224 | D:1      | Bought a scroll labelled RIOTIGURED for 22 gold pieces
   490 | D:1      | 490 ||| UPGRADING to +4 ring of protection.
   491 | D:1      | 491 ||| READING 2 scrolls labelled LEUC DYSOCK.
   492 | D:1      | 492 ||| READING scroll labelled AMAOLI HISA.
   497 | D:1      | 497 ||| READING scroll labelled RIOTIGURED.
   498 | D:1      | 498 ||| DROPPING scroll of noise.
   499 | D:1      | 499 ||| DROPPING scroll of butterflies.
   537 | D:2      | Reached XP level 3. HP: 21/21 MP: 3/3
   784 | D:2      | Reached skill level 5 in Ranged Weapons
  1071 | D:2      | Found a faded altar of an unknown god.
  1363 | D:2      | 1363 ||| DROPPING ring of wizardry.
  1364 | D:2      | 1364 ||| READING scroll labelled JIEKE SACOUNLURR.
  1465 | D:2      | 1465 ||| READING scroll labelled YSCHODO CEKOLUI.
  1465 | D:2      | Identified a scroll of acquirement
  1465 | D:2      | 1465 ||| ACQUIRING +0 helmet "Wot Neum" {Str+4}
  1465 | D:2      | Acquired the +0 helmet "Wot Neum" {Str+4}
  1467 | D:2      | 1467 ||| UPGRADING to +0 helmet "Wot Neum" {Str+4}.
  1472 | D:2      | 1472 ||| DRINKING 2 sapphire potions.
  1563 | D:3      | Found a shadowy altar of Dithmenos.
  1648 | D:3      | Reached skill level 3 in Fighting
  1652 | D:3      | 1652 ||| FLEEEEING.
  1700 | D:3      | Reached XP level 4. HP: 26/28 MP: 4/4
  1947 | D:3      | Found a glowing golden altar of the Shining One.
  2182 | D:3      | 2182 ||| UPGRADING to +3 leather armour.
  2192 | D:3      | 2192 ||| DROPPING +0 leather armour.
  2193 | D:3      | 2193 ||| READING 2 scrolls labelled OKINEJ GIRA.
  2194 | D:3      | 2194 ||| DRINKING 2 blue potions.
  2195 | D:3      | 2195 ||| DROPPING scroll of amnesia.
  2196 | D:3      | 2196 ||| DROPPING potion of invisibility.
  2278 | D:4      | Noticed Dowan
  2303 | D:4      | Killed Dowan
  2304 | D:4      | Reached skill level 6 in Ranged Weapons
  2304 | D:4      | Reached XP level 5. HP: 12/32 MP: 5/5
  2399 | D:4      | 2399 ||| SWAPPING to +0 orcbow.
  2401 | D:4      | 2401 ||| DROPPING +0 shortbow.
  2422 | D:4      | Noticed Duvessa
  2432 | D:4      | HP: 8/32 [Duvessa/+0 short sword (9)]
  2435 | D:4      | Slain by Duvessa

Levels and vault maps discovered:
D:1:      dpeg_arrival_radiant, layout_basic, serial_shops, nicolae_shop_crystal
D:2:      layout_basic, ebering_ecumenical_altar_webs, nrook_uturn,
          amcnicky_mini_pool_small
D:3:      layout_loops_ring, mainiacjoe_overflow_brackets, tso_altar
D:4:      nicolae_cairo_tiling_large, layout_rooms, supply_closet_lemuel,
          minmay_misc_feat_iff, uniq_duvessa

Skill      XL: |  1  2  3  4  5 |
---------------+----------------+-----
Ranged Weapons | 5 6 |  6.1
Fighting       | 3 |  3.0
Armour         | 2 |  2.3
Dodging        | |  1.5
Stealth        | |  1.1

Action                     |  1- 3 |  4- 6 || total
---------------------------+-------+-------++-------
   Fire: Shortbow          |    97 |    55 ||   152
         Orcbow            |       |    17 ||    17
    Use: Scroll            |     5 |     1 ||     6
         Potion            |     1 |     1 ||     2
 Armour: Leather armour    |    16 |    48 ||    64
  Dodge: Dodged            |    22 |    41 ||    63

Table legend:
 A = Non-vault XP
 B = Vault XP
 C = Vault XP percentage of total XP
 D = Non-vault monster count
 E = Vault monster count
 F = Vault count percentage of total count
                 A         B        C        D         E       F
            +---------+---------+-------+---------+---------+-------
      Total |     239 |      69 |  22.4 |      45 |       1 |   2.2
            +---------+---------+-------+---------+---------+-------
        D:1 |      21 |       0 |   0.0 |      13 |       0 |   0.0
        D:2 |      35 |       0 |   0.0 |      12 |       0 |   0.0
        D:3 |      49 |       0 |   0.0 |      11 |       0 |   0.0
        D:4 |     134 |      69 |  34.0 |       9 |       1 |  10.0
            +---------+---------+-------+---------+---------+-------
